 Dungeon Crawl Stone Soup version 0.30-a0-719-gcc4359ea44 (webtiles) character file.

Game seed: 11248332374264630472

91128 sokol815 the Devastator (level 15, 0/110 HPs)
             Began as a Demigod Conjurer on Jan 26, 2023.
             Slain by a spark wasp (4 damage)
             ... on level 2 of the Lair of Beasts on Jan 27, 2023.
             The game lasted 02:22:14 (32399 turns).

sokol815 the Devastator (Demigod Conjurer)         Turns: 32399, Time: 02:22:14

Health: 0/110      AC: 17    Str: 12    XL:     15   Next: 13%
Magic:  4/32       EV: 11    Int: 40    God:
Gold:   1468       SH:  7    Dex: 14    Spells: 0/30 levels left

rFire   + + +      SeeInvis +    a - +4 quick blade of Gethiu {freeze, rF+ Will++ Str+4}
rCold   + + +      Faith    .    S - +3 buckler {reflect}
rNeg    + . .      Spirit   .    g - +1 leather armour of Awnouwn {rF+ Regen+ Stlth+}
rPois   +          Reflect  +    t - +2 helmet {SInv}
rElec   +          Harm     .    u - +2 cloak
rCorr   +          Rampage  .    s - +3 pair of gloves of Card Tricks {+Inv rC++}
Will    +++..                    e - +2 pair of boots {Stlth+}
Stlth   ++++                     v - amulet of magic regeneration
HPRegen 1.18/turn                Z - ring of wizardry {Wiz+, !d}
MPRegen 0.63/turn                w - ring "Muqah" {*Slow rPois rN+ rCorr Dex+2}

@: resistant
A: high MP 1, forlorn, divine attributes
a: Evoke Invisibility


You were on level 2 of the Lair of Beasts.
You visited 4 branches of the dungeon, and saw 23 of its levels.
You also visited: Gauntlet.

You collected 2053 gold pieces.
You spent 585 gold pieces at shops.

Inventory:

Hand Weapons
 a - the +4 quick blade of Gethiu (weapon) {freeze, rF+ Will++ Str+4}
   (You found it on level 5 of the Lair of Beasts)

   Str:       It affects your strength (+4).
   rF:        It protects you from fire.
   Will:      It greatly increases your willpower.
 b - the +7 great mace "Firestarter" {flame, inner flame, rFlCloud rF++}
   (You took it off a minotaur in a Gauntlet)

   rFlCloud:  It grants immunity to clouds of flame.
   rF:        It greatly protects you from fire.
 n - the +3 hand axe "Eseghu Eruh" {spect, Dex+3}
   (You found it on level 7 of the Dungeon)

   Dex:       It affects your dexterity (+3).
 o - a +4 scimitar of flaming
   (You took it off an efreet on level 13 of the Dungeon)
Missiles
 O - 6 javelins
 Q - 9 silver javelins
Armour
 e - a +2 pair of boots of stealth (worn)
   (You found it on level 5 of the Lair of Beasts)
 g - the +1 leather armour of Awnouwn (worn) {rF+ Regen+ Stlth+}
   (You bought it in a shop on level 2 of the Orcish Mines)

   rF:        It protects you from fire.
   Regen:     It increases your rate of health regeneration.
   Stlth:     It makes you more stealthy.
 s - the +3 pair of gloves of Card Tricks (worn) {+Inv rC++}
   (You found it in a Gauntlet)

   rC:        It greatly protects you from cold.
   +Inv:      It lets you turn invisible.
 t - a +2 helmet of see invisible (worn)
   (You bought it in a shop on level 2 of the Orcish Mines)
 u - a +2 cloak (worn)
   (You found it on level 2 of the Dungeon)
 S - a +3 buckler of reflection (worn)
   (You took it off a tengu warrior on level 15 of the Dungeon)
Magical Staves
 G - a staff of fire {rF+}
   (You found it on level 14 of the Dungeon)
 I - a staff of death {rN+}
   (You found it on level 15 of the Dungeon)
Jewellery
 c - an amulet of the acrobat
   (You found it on level 2 of the Lair of Beasts)
 f - a ring of flight {+Fly, !d}
   (You found it on level 5 of the Dungeon)
 h - an amulet of reflection
   (You found it on level 5 of the Lair of Beasts)
 r - the ring "Vufergh" {rElec Int+6 Dex-5 Slay+6 Stlth+}
   (You took it off a minotaur in a Gauntlet)

   [ring of intelligence]

   Int:       It affects your intelligence (+6).
   Dex:       It affects your dexterity (-5).
   Slay:      It affects your accuracy & damage with ranged weapons and melee
   (+6).
   rElec:     It insulates you from electricity.
   Stlth:     It makes you more stealthy.
 v - an amulet of magic regeneration (around neck)
   (You found it on level 4 of the Lair of Beasts)
 w - the ring "Muqah" (right hand) {*Slow rPois rN+ rCorr Dex+2}
   (You acquired it on level 2 of the Lair of Beasts)

   [ring of resist corrosion]

   Dex:       It affects your dexterity (+2).
   rPois:     It protects you from poison.
   rN:        It protects you from negative energy.
   rCorr:     It protects you from acid and corrosion.
   *Slow:     It may slow you when you take damage.
 A - a +4 ring of protection
   (You found it on level 5 of the Lair of Beasts)
 F - a ring of protection from fire {rF+, !d}
   (You found it on level 15 of the Dungeon)
 Z - a ring of wizardry (left hand) {Wiz+, !d}
   (You found it on level 3 of the Dungeon)
Wands
 d - a wand of digging (12)
   (You found it on level 5 of the Dungeon)
 i - a wand of iceblast (5)
   (You found it on level 3 of the Lair of Beasts)
 p - a wand of paralysis (30)
   (You found it on level 7 of the Dungeon)
 q - a wand of flame (7)
   (You found it on level 11 of the Dungeon)
 y - a wand of mindburst (4)
   (You found it on level 3 of the Lair of Beasts)
Scrolls
 k - 4 scrolls of enchant weapon
 x - 3 scrolls of poison
 E - 4 scrolls of fear
 K - 3 scrolls of immolation {!r}
 T - a scroll of fog
 V - 3 scrolls of vulnerability {!r!r}
 W - 6 scrolls of identify {@r1}
 X - 7 scrolls of magic mapping {@r4!r}
 Y - 9 scrolls of teleportation {@r3}
Potions
 j - a potion of attraction {!q}
 l - a potion of cancellation
 B - 3 potions of brilliance
 C - 4 potions of magic
 H - 3 potions of haste
 J - 23 potions of curing {@q1}
 L - 6 potions of flight
 M - 4 potions of might
 N - 3 potions of heal wounds {@q2}
 P - a potion of lignification {!q}
 R - a potion of resistance
 U - 2 potions of mutation {!q}
Miscellaneous
 m - a phantom mirror
   (You found it in a Gauntlet)
 z - a box of beasts
   (You found it on level 14 of the Dungeon)


   Skills:
 - Level 4.0 Fighting
 - Level 4.0 Axes
 - Level 1.7 Dodging
 - Level 1.7 Stealth
 * Level 1.8 Shields
 * Level 8.3 Spellcasting
 - Level 16.8 Conjurations
 - Level 13.6 Hexes
 + Level 10.5 Summonings


You couldn't memorise any spells.
You knew the following spells:

 Your Spells              Type           Power      Damage    Failure   Level
a - Spellforged Servitor  Conj/Summ      45%        N/A       4%          7
b - Leda's Liquefaction   Hex/Erth       31%        N/A       1%          4
c - Dazzling Flash        Conj/Hex       100%       N/A       0%          3
d - Fulminant Prism       Conj/Hex       47%        3d21      1%          4
e - Orb of Destruction    Conj           50%        9d13      1%          7
g - Apportation           Tloc           32%        N/A       1%          1
x - Iskenderun's Mystic   Conj/Tloc      71%        2d14      1%          4

Your spell library contained the following spells:

 Spells                   Type           Power      Damage    Failure   Level
 Magic Dart               Conj           100%       1d8       0%          1
 Searing Ray              Conj           100%       2d8       0%          2
 Beastly Appendage        Tmut           32%        N/A       1%          1
 Freeze                   Ice            64%        1d7       1%          1
 Kiss of Death            Conj/Necr      100%       2d13      1%          1
 Necrotise                Necr           64%        1d7       1%          1
 Sandblast                Erth           32%        2d9       1%          1
 Summon Small Mammal      Summ           100%       N/A       1%          1
 Hailstorm                Conj/Ice       71%        3d15      1%          3
 Mephitic Cloud           Conj/Pois/Air  57%        N/A       1%          3
 Stone Arrow              Conj/Erth      100%       3d13      1%          3
 Summon Guardian Golem    Hex/Summ       85%        N/A       1%          3
 Flame Wave               Conj/Fire      71%        2d16      1%          4
 Summon Ice Beast         Ice/Summ       56%        N/A       1%          4
 Lightning Bolt           Conj/Air       35%        1d53      1%          5
 Cigotuvi's Dreadful Rot  Necr/Pois/Air  32%        N/A       2%          2
 Passwall                 Tmut/Erth      13%        N/A       2%          2
 Poisonous Vapours        Pois/Air       32%        N/A       2%          2
 Wereblood                Tmut           16%        N/A       2%          2
 Frozen Ramparts          Ice            32%        1d5       4%          3
 Spider Form              Tmut/Pois      16%        N/A       4%          3
 Iron Shot                Conj/Erth      35%        9d7       8%          6
 Ice Form                 Ice/Tmut       16%        N/A       16%         4
 Dragon Form              Tmut           8%         N/A       100%        7


Dungeon Overview and Level Annotations

Branches:
Dungeon (15/15) Zot: 25632  Temple (0/1) D:4            Lair (5/5) D:11 Zot: 22048
  Swamp (0/4) Lair:2       Spider (1/4) Lair:2 Zot: 5960   Slime (0/5) Lair:5
    Orc (2/2) D:9 Zot: 7201     Elf (0/3) Orc:2        Vaults (0/5) D:14
 Depths (0/4) D:15        Gauntlet (visited)

Shops:
D:12 **   Orc:2 (*[=(

Annotations:
D:8 3 runed translucent doors, hikkokomori's ghost, novice VSFi


Innate Abilities, Weirdness & Mutations

You have an increased reservoir of magic. (+10% MP)
You shall have no god before yourself.
Your divine heritage dramatically boosts your attributes as you level up.


Message History

The spark wasp stings you but does no damage.
The blast of energy engulfs the orb spider!!
You kill the orb spider!
Your spellforged servitor conjures a glowing orb.
The wavering orb of destruction weakly hits you!
You hear a hideous shriek!
You take 15 damage, and have 71/110 hp.
You now have 18/32 mp.
Really blast near your spellforged servitor?
You erupt in a blast of force!
The mystic blast hits the wolf spider!
The wolf spider is knocked back by the mystic blast.
The wolf spider slams into the rock wall!
The mystic blast hits your spellforged servitor!
The mystic blast hits the spark wasp!
The spark wasp is knocked back by the mystic blast.
The wolf spider hits your spellforged servitor!
The wolf spider bites your spellforged servitor but does no damage.
You now have 14/32 mp.
Unknown command.
Really blast near your spellforged servitor?
You erupt in a blast of force!
The mystic blast hits the wolf spider!!
The wolf spider is knocked back by the mystic blast.
The wolf spider slams into the rock wall!
The mystic blast hits your spellforged servitor but does no damage.
The mystic blast hits the spark wasp!!
The spark wasp stings you but does no damage.
The spark wasp barely misses you.
Your spellforged servitor conjures an orb of pure magic.
The wavering orb of destruction weakly hits the wolf spider!!
The wolf spider is blown up!
You now have 11/32 mp.
Really blast near your spellforged servitor?
You erupt in a blast of force!
The mystic blast hits your spellforged servitor!!
Your spellforged servitor is knocked back by the mystic blast.
The mystic blast hits the spark wasp.
The spark wasp stings you! The spark wasp shocks you!
You take 22 damage, and have 51/110 hp.
You now have 7/32 mp.
Really blast near your spellforged servitor?
You erupt in a blast of force!
The mystic blast hits your spellforged servitor.
Your spellforged servitor is knocked back by the mystic blast.
Your spellforged servitor slams into the rock wall!
The mystic blast hits the spark wasp.
The spark wasp stings you! The spark wasp shocks you!
* * * LOW HITPOINT WARNING * * *
The spark wasp stings you!
* * * LOW HITPOINT WARNING * * *
The spark wasp shocks you!
* * * LOW HITPOINT WARNING * * *
You take 46 damage, and have 5/110 hp.
MASSIVE DAMAGE!!
You now have 4/32 mp.
The spark wasp stings you but does no damage.
You climb upwards.
Welcome back to the Lair of Beasts!
There is a hole to the Spider Nest, spattered with blood here.
You regained 3 hp, and now have 8/110 hp.
You regained 2 mp, and now have 6/32 mp.
You feel much better. The spark wasp barely misses you.
The spark wasp stings you.
* * * LOW HITPOINT WARNING * * *
The spark wasp shocks you!
* * * LOW HITPOINT WARNING * * *
You regained 5 hp, and now have 13/110 hp.
You feel protected.
The spark wasp bursts into living lightning!
The living lightning hits you! You resist.
* * * LOW HITPOINT WARNING * * *
The spark wasp blinks!
You take 7 damage, and have 6/110 hp.
You feel much better. The spark wasp stings you!
* * * LOW HITPOINT WARNING * * *
The spark wasp shocks you. You resist.
* * * LOW HITPOINT WARNING * * *
You regained 10 hp, and now have 16/110 hp.
Okay, then.
Okay, then.
You feel much better.
The spark wasp stings you but does no damage.
You regained 25 hp, and now have 41/110 hp.
You summon a servant imbued with your destructive magic!
The spark wasp stings you! The spark wasp shocks you. You resist.
* * * LOW HITPOINT WARNING * * *
The spark wasp stings you but does no damage.
You take 10 damage, and have 31/110 hp.
You now have 2/32 mp.
The spark wasp attacks as you move away!
You block the spark wasp's attack. The spark wasp stings you!!
* * * LOW HITPOINT WARNING * * *
The spark wasp shocks you. You resist.
* * * LOW HITPOINT WARNING * * *
You take 21 damage, and have 11/110 hp.
You don't have enough magic to cast this spell.
Really read
D - a scroll of blinking {!r}?
Blink to where?
As you read the scroll of blinking {!r}, it crumbles to dust.
The spark wasp bursts into living lightning!
The living lightning misses you.
The spark wasp blinks! x2
The spark wasp stings you!
* * * LOW HITPOINT WARNING * * *
The spark wasp shocks you. You resist.
You die...

##.........###.####....
#..........# ### ##....
##.........# #...##
####P##..### ####..P#
####.##.###.#...##
##.............#
#.....#....#...#
##..#..###..###.###
##<@y....9#...##...P
#P......#.†.†.#.....
##.........>........
##........§...#.....
#P.....#..#§...#....
##.....#.#...#.#....
###.......#...##..... #####
#...................[
##~PP###..#?.##....!#####...


You could see a spark wasp (ally target) and a friendly spellforged servitor
(summoned).

Vanquished Creatures
  An orc warlord (Orc:2)
  A minotaur (Gauntlet)
  An entropy weaver (shapeshifter) (D:14)
  An entropy weaver (Gauntlet)
  6 hydras
  Harold (Orc:1)
  A rakshasa (D:14)
  2 catoblepae
  2 centaur warriors
  2 boulder beetles (D:14)
  3 two-headed ogres
  2 death yaks (Lair:3)
  A tengu warrior (D:15)
  4 orc high priests (Orc:2)
  Nergalle (D:11)
  Amaemon (Lair:1)
  A goliath frog (Lair:5)
  An orb spider (Spider:1)
  A deep elf pyromancer (D:15)
  A steelbarb worm (Spider:1)
  4 orc knights
  2 ugly things
  5 orc sorcerers
  4 wolf spiders
  7 cyclopes
  2 manticores (D:13)
  4 elephants (Lair:3)
  Maurice (D:8)
  Joseph (D:8)
  6 black mambas
  A demonic crawler (Spider:1)
  3 gargoyles
  An orange demon (Lair:1)
  19 cane toads
  3 rime drakes
  7 komodo dragons
  A yaktaur (shapeshifter) (D:14)
  An unseen horror (D:13)
  Psyche (D:9)
  5 trolls
  3 tyrant leeches (Lair:5)
  2 meliai (D:14)
  A hornet (D:10)
  A raiju (Gauntlet)
  28 blink frogs
  5 dream sheep (Lair:5)
  A culicivora (Spider:1)
  A jumping spider (Lair:2)
  28 yaks
  5 slime creatures
  A wraith (D:10)
  3 wyverns
  5 basilisks
  4 redbacks
  9 vampire mosquitoes
  2 steam dragons
  Grum (D:8)
  A warg (D:13)
  7 water moccasins
  37 orc warriors
  A sky beast (D:6)
  3 ice beasts
  4 black bears
  4 ogres
  34 wolves
  A phantom (D:7)
  11 centaurs
  A kobold brigand (D:7)
  19 bullfrogs
  A necrophage (D:4)
  5 scorpions
  9 wights
  7 killer bees
  4 vampire bats (D:12)
  A howler monkey (D:5)
  An electric eel (Lair:5)
  14 jellies
  2 hounds
  30 orc priests
  A gnoll bouda (D:9)
  2 iguanas
  46 orc wizards
  3 gnolls (D:9)
  16 adders
  A white imp (D:6)
  An ufetubus (D:6)
  5 worms
  2 dart slugs (D:3)
  86 orcs
  5 endoplasms
  3 giant cockroaches (Lair:2)
  4 goblins
  4 hobgoblins
  9 kobolds
  6 quokkas
  12 ball pythons
  8 bats
  2 frilled lizards
  A rat (D:3)
  9 fulminant prisms
635 creatures vanquished.

Vanquished Creatures (collateral kills)
  A frost giant (D:15)
  Josephine (D:14)
  2 hydras
  A boulder beetle (D:13)
  4 centaur warriors (D:15)
  A two-headed ogre (D:13)
  3 tengu warriors (D:15)
  An orange crystal statue (D:9)
  A steelbarb worm (Lair:2)
  6 ugly things (D:15)
  A wolf spider (Spider:1)
  2 cyclopes
  A torpor snail (Spider:1)
  3 efreet
  A meliai (D:14)
  A blink frog (shapeshifter) (D:14)
  A hornet (shapeshifter) (D:13)
  2 slime creatures
  A snapping turtle (shapeshifter) (D:14)
  4 wraiths (D:14)
  A redback (Lair:2)
  7 centaurs
  An orc (D:13)
47 creatures vanquished.

Vanquished Creatures (others)
  349 fulminant prisms
  79 fungi
  168 plants
596 creatures vanquished.

Grand Total: 1278 creatures vanquished

Notes
Turn   | Place    | Note
-------+----------+-------------------------------------------
     0 | D:1      | sokol815 the Demigod Conjurer began the quest for the Orb.
     0 | D:1      | Reached XP level 1. HP: 14/14 MP: 5/5
   531 | D:1      | Reached skill level 4 in Conjurations
   579 | D:1      | Reached XP level 2. HP: 20/20 MP: 0/7
  1464 | D:2      | Identified the +1 ring mail of Yrrunep {rF- Slay+4}
  1603 | D:2      | Learned a level 2 spell: Searing Ray
  1660 | D:2      | Reached XP level 3. HP: 26/26 MP: 0/8
  2285 | D:3      | Noticed a scorpion
  2402 | D:3      | Reached skill level 5 in Conjurations
  2639 | D:3      | Reached XP level 4. HP: 33/33 MP: 5/9
  2792 | D:3      | Reached skill level 6 in Conjurations
  2792 | D:3      | Reached XP level 5. HP: 38/38 MP: 4/10
  3565 | D:3      | Learned a level 3 spell: Dazzling Flash
  4017 | D:4      | Reached XP level 6. HP: 45/45 MP: 2/11
  4100 | D:4      | Reached skill level 7 in Conjurations
  4358 | D:4      | Found a staircase to the Ecumenical Temple.
  4691 | D:5      | Entered Level 5 of the Dungeon
  4918 | D:5      | Reached skill level 2 in Spellcasting
  5362 | D:5      | Reached skill level 1 in Hexes
  5362 | D:5      | Reached XP level 7. HP: 50/50 MP: 5/13
  5884 | D:6      | Reached skill level 2 in Hexes
  6035 | D:6      | Reached skill level 3 in Spellcasting
  6074 | D:6      | Noticed a wyvern
  6075 | D:6      | Reached skill level 8 in Conjurations
  6090 | D:5      | HP: 10/50 [wyvern (8)]
  6093 | D:5      | Killed a wyvern
  6094 | D:5      | Reached skill level 3 in Hexes
  6280 | D:6      | Reached XP level 8. HP: 40/57 MP: 6/17
  6481 | D:6      | Reached skill level 4 in Spellcasting
  6486 | D:6      | Learned a level 4 spell: Fulminant Prism
  7404 | D:7      | Reached skill level 9 in Conjurations
  7847 | D:7      | Identified the +3 hand axe "Eseghu Eruh" {spect, Dex+3}
  8234 | D:7      | Reached skill level 10 in Conjurations
  8440 | D:7      | Reached skill level 4 in Hexes
  8835 | D:7      | Learned a level 4 spell: Iskenderun's Mystic Blast
  8887 | D:8      | Reached skill level 5 in Hexes
  8896 | D:8      | Reached XP level 9. HP: 37/61 MP: 9/18
  8901 | D:8      | HP: 15/62 [wight/+0 flail (9)]
  8908 | D:8      | Reached skill level 6 in Hexes
  9071 | D:8      | Reached skill level 1 in Fighting
  9132 | D:8      | Noticed a centaur warrior
  9136 | D:8      | Noticed an efreet
  9212 | D:8      | Found a runed translucent gate.
  9212 | D:8      | Found a runed translucent gate.
  9212 | D:8      | Found a runed translucent gate.
  9214 | D:8      | Noticed hikkokomori's ghost (novice VSFi)
  9305 | D:8      | Noticed Grum
  9311 | D:8      | HP: 13/64 [wolf[Grum] (8)]
  9311 | D:8      | HP: 4/64 [Grum/-2 vampiric halberd (9)]
  9316 | D:7      | HP: 10/64 [wolf[Grum] (4)]
  9692 | D:8      | Noticed Maurice
  9697 | D:8      | Reached skill level 2 in Fighting
  9733 | D:8      | Killed Maurice
  9734 | D:8      | Reached skill level 3 in Fighting
  9770 | D:8      | Noticed Joseph
  9782 | D:8      | HP: 3/69 [Joseph/+0 quarterstaff (16)]
  9783 | D:8      | Killed Joseph
 10157 | D:8      | Reached skill level 4 in Fighting
 10159 | D:8      | Killed Grum
 10160 | D:8      | Reached skill level 11 in Conjurations
 11032 | D:9      | Reached XP level 10. HP: 78/78 MP: 15/20
 11117 | D:9      | Noticed Psyche
 11121 | D:9      | Killed Psyche
 11215 | D:9      | Found a staircase to the Orcish Mines.
 11426 | D:9      | Noticed an orange crystal statue
 11439 | D:9      | Killed an orange crystal statue
 11440 | D:9      | Reached skill level 7 in Hexes
 11655 | D:10     | Entered Level 10 of the Dungeon
 11830 | D:10     | Reached skill level 5 in Spellcasting
 12029 | D:10     | Identified the +1 pair of gloves "Viasujit" {Drain rC++
                  | Dex+3}
 12226 | D:10     | Reached skill level 8 in Hexes
 12568 | D:10     | Noticed a two-headed ogre
 12575 | D:10     | Killed a two-headed ogre
 12792 | D:10     | Learned a level 1 spell: Apportation
 12872 | Orc:1    | Entered Level 1 of the Orcish Mines
 12881 | Orc:1    | Noticed Harold
 12888 | Orc:1    | Killed Harold
 12889 | Orc:1    | Reached skill level 9 in Hexes
 13045 | Orc:1    | Noticed an orc sorcerer
 13050 | Orc:1    | Killed an orc sorcerer
 13051 | Orc:1    | Reached skill level 6 in Spellcasting
 13387 | Orc:1    | Noticed a cyclops
 13391 | Orc:1    | Killed a cyclops
 13392 | Orc:1    | Reached XP level 11. HP: 84/84 MP: 6/24
 13652 | Orc:2    | Entered Level 2 of the Orcish Mines
 14056 | Orc:2    | Found a staircase to the Elven Halls.
 14104 | Orc:2    | Reached skill level 10 in Hexes
 14200 | Orc:2    | Reached skill level 7 in Spellcasting
 14278 | Orc:2    | Noticed an orc high priest
 14286 | Orc:2    | Noticed an orc knight
 14288 | Orc:2    | Killed an orc high priest
 14296 | Orc:2    | HP: 20/84 [orc knight/+0 great sword (15)]
 14546 | Orc:2    | Killed an orc knight
 14639 | Orc:2    | Noticed an orc warlord
 14708 | Orc:2    | Killed an orc warlord
 15027 | Orc:2    | Noticed an orc knight
 15222 | Orc:2    | Killed an orc knight
 15463 | Orc:2    | Noticed an orc high priest
 15472 | Orc:2    | Killed an orc high priest
 15751 | Orc:2    | Reached skill level 11 in Hexes
 15828 | Orc:2    | Found Awkeikok's Weapon Shop.
 15856 | Orc:1    | Reached skill level 12 in Conjurations
 16069 | Orc:2    | Noticed an orc knight
 16124 | Orc:2    | Killed an orc knight
 16538 | Orc:2    | Found a staircase to the Elven Halls.
 16570 | Orc:2    | Found Awkeikok's Weapon Shop.
 16920 | Orc:2    | Noticed an orc high priest
 16925 | Orc:2    | Killed an orc high priest
 16997 | Orc:2    | Reached XP level 12. HP: 91/91 MP: 14/26
 17506 | Orc:2    | Found Ciroacs's Antique Armour Shop.
 17528 | Orc:2    | Found Cedeodgh's General Store.
 17528 | Orc:2    | Found Fahum's Jewellery Shop.
 17530 | Orc:2    | Found Noplett's Antique Weapon Boutique.
 17807 | Orc:2    | Bought an embroidered scarf for 208 gold pieces
 17807 | Orc:2    | Bought a shiny helmet for 195 gold pieces
 17807 | Orc:2    | Bought a jewelled leather armour for 182 gold pieces
 17807 | Orc:2    | Identified the +1 leather armour of Awnouwn {rF+ Regen+
                  | Stlth+} (You bought it in a shop on level 2 of the Orcish
                  | Mines)
 18136 | D:11     | Reached skill level 12 in Hexes
 18263 | D:11     | Reached skill level 13 in Conjurations
 18582 | D:11     | Noticed Nergalle
 18586 | D:11     | Killed Nergalle
 18931 | D:11     | Found a staircase to the Lair.
 19215 | Lair:1   | Entered Level 1 of the Lair of Beasts
 19215 | Lair:1   | Noticed Amaemon
 19228 | Lair:1   | Killed Amaemon
 20568 | Lair:2   | Reached skill level 13 in Hexes
 21069 | Lair:2   | Found a hole to the Spider Nest.
 21227 | Lair:2   | Reached skill level 1 in Axes
 21315 | Lair:2   | Identified a scroll of acquirement
 21317 | Lair:2   | Found a staircase to the Swamp.
 21324 | Lair:2   | Acquired the ring "Muqah" {*Slow rPois rN+ rCorr Dex+2}
 21913 | Lair:3   | Reached skill level 14 in Conjurations
 21932 | Lair:3   | Reached skill level 2 in Axes
 22088 | Lair:3   | Noticed a four-headed hydra
 22247 | Lair:3   | Killed a four-headed hydra
 22248 | Lair:3   | Reached skill level 3 in Axes
 22248 | Lair:3   | Reached XP level 13. HP: 96/96 MP: 8/27
 22994 | Lair:3   | Reached skill level 4 in Axes
 23465 | Lair:3   | Identified the amulet of Byddaphe {Spirit rCorr}
 23954 | Lair:4   | Learned a level 7 spell: Orb of Destruction
 24541 | Lair:5   | Entered Level 5 of the Lair of Beasts
 24628 | Lair:5   | HP: 16/96 [cane toad (16)]
 24633 | Lair:4   | HP: 9/96 [black mamba (14)]
 24633 | Lair:4   | HP: 3/96 [black mamba (6)]
 24753 | Lair:5   | HP: 19/96 [cane toad (6)]
 24758 | Lair:4   | HP: 16/96 [poisoned by a cane toad]
 24848 | Lair:3   | Reached skill level 15 in Conjurations
 25132 | Lair:5   | Learned a level 7 spell: Spellforged Servitor
 25493 | Lair:5   | HP: 19/96 [nine-headed hydra (7)]
 25493 | Lair:5   | HP: 7/96 [nine-headed hydra (12)]
 25503 | Lair:5   | Reached skill level 16 in Conjurations
 25508 | Lair:4   | HP: 23/96 [wolf (2)]
 26179 | Lair:5   | Found a staircase to the Slime Pits.
 26224 | Lair:5   | Reached XP level 14. HP: 101/104 MP: 2/28
 26404 | Lair:5   | Reached skill level 1 in Summonings
 26500 | Lair:5   | Reached skill level 2 in Summonings
 26504 | Lair:5   | Identified the +4 quick blade of Gethiu {freeze, rF+ Will++
                  | Str+4}
 26539 | Lair:5   | Got the Volume of Unlucky Transformation
 26779 | Lair:5   | Reached skill level 3 in Summonings
 27058 | D:12     | Found a gate leading to a gauntlet.
 27076 | Gauntlet | Entered a Gauntlet
 27076 | Gauntlet | Found a transporter.
 27076 | Gauntlet | Found a runed translucent door.
 27087 | Gauntlet | Found a runed translucent door.
 27093 | Gauntlet | Found a transporter.
 27096 | Gauntlet | Found a transporter.
 27105 | Gauntlet | Found a runed translucent door.
 27110 | Gauntlet | Found a transporter.
 27113 | Gauntlet | Found a transporter.
 27120 | Gauntlet | Found a transporter.
 27136 | Gauntlet | Found a transporter.
 27147 | Gauntlet | Found a transporter.
 27153 | Gauntlet | Found a transporter.
 27153 | Gauntlet | Found a transporter.
 27200 | Gauntlet | Found a transporter.
 27204 | Gauntlet | Found a transporter.
 27206 | Gauntlet | Found a transporter.
 27235 | Gauntlet | Found a transporter.
 27273 | Gauntlet | Identified the amulet of Suspected Treachery {Faith rF+
                  | Str+6 Int-5}
 27319 | Gauntlet | Reached skill level 4 in Summonings
 27399 | Gauntlet | Identified the +3 pair of gloves of Card Tricks {+Inv rC++}
 27434 | Gauntlet | Identified the ring "Vufergh" {rElec Int+6 Dex-5 Slay+6
                  | Stlth+}
 27439 | Gauntlet | Reached skill level 5 in Summonings
 27456 | Gauntlet | Identified the +1 morningstar "Ginofonu" {flame, Str-3
                  | Dex+6 SInv}
 27852 | D:12     | Found Ceumixa's General Store.
 27871 | D:12     | Found Ejeptiz's Specific Store.
 28323 | D:12     | Reached skill level 6 in Summonings
 28646 | D:13     | Reached skill level 7 in Summonings
 29454 | D:14     | Found a gate to the Vaults.
 29466 | D:14     | Reached skill level 8 in Summonings
 29877 | D:14     | HP: 22/104 [meliai/+0 war axe (6)]
 29882 | D:14     | HP: 17/104 [poisoned by a meliai]
 29887 | D:14     | HP: 18/104 [poisoned by a meliai]
 30314 | D:14     | Reached skill level 9 in Summonings
 30431 | D:14     | Noticed Josephine
 30435 | D:14     | Killed Josephine
 30790 | D:15     | Entered Level 15 of the Dungeon
 30915 | D:15     | Reached skill level 10 in Summonings
 31095 | D:15     | Identified the +4 long sword "Okexoe" {venom, +Blink}
 31364 | D:15     | Acquired the Tome of the Volley
 31633 | D:15     | Noticed a frost giant
 31638 | D:15     | Killed a frost giant
 31639 | D:15     | Reached XP level 15. HP: 90/110 MP: 16/31
 31679 | D:15     | Found a staircase to the Depths.
 31757 | D:15     | Reached skill level 8 in Spellcasting
 31811 | D:15     | Learned a level 4 spell: Leda's Liquefaction
 32184 | Spider:1 | Entered Level 1 of the Spider Nest
 32199 | Spider:1 | Reached skill level 1 in Shields
 32388 | Spider:1 | HP: 25/110 [spark wasp (12)]
 32388 | Spider:1 | HP: 5/110 [spark wasp (12)]
 32393 | Lair:2   | HP: 20/110 [spark wasp (13)]
 32399 | Lair:2   | HP: 4/110 [spark wasp (9)]
 32399 | Lair:2   | Slain by a spark wasp

Illustrated notes

Levels and vault maps discovered:
D:1:      shiori_arrival_oz, layout_loops_corners,
          nicolae_ecumenical_snake_handling, nicolae_figureground_pulse
D:2:      layout_basic
D:3:      layout_rooms, grunt_ministairs_8, minmay_snake_closets
D:4:      layout_basic, minmay_temple_entry_hall
D:5:      layout_cave_pools, pdpol_temple_overflow_zin_treasury_gozag_greed
D:6:      layout_layer_cave, nemelex_xobeh_ov_fountains_minmay,
          chequers_serial_rivers_micro_c
D:7:      layout_loops_ring
D:8:      layout_cave_pods, minitemple, hangedman_ru_absence,
          gammafunk_ghost_split, kennysheep_generic_room_9, uniq_maurice,
          uniq_joseph, uniq_grum
D:9:      layout_basic, lightli_temple_of_fire, nicolae_vehumet_radiance,
          orc_0_dummy, minivault_16, uniq_psyche
D:10:     layout_loops_cross
D:11:     layout_cave_pools, due_lair_maze_entry_diamond, minivault_23,
          uniq_nergalle
D:12:     layout_long_grid, gauntlet_entry_generic, roderic_batcave,
          nicolae_specific_store
D:13:     layout_gridville
D:14:     layout_stronghold, david_vaults_2, minmay_misc_feat_ornament,
          nicolae_uskayaw_murder_on_the_dancefloor, uniq_josephine
D:15:     grunt_enter_depths_snipers, layout_irregular_city, elyvilon_altar_5
Lair:1:   layout_long_grid, serial_forest, infiniplex_forest_clump_curved,
          infiniplex_forest_zigzag_1, infiniplex_forest_lined_4_way,
          infiniplex_forest_corner_1, infiniplex_forest_clump_double,
          infiniplex_forest_pool, infiniplex_forest_zigzag_2, uniq_amaemon
Lair:2:   layout_roguey, swamp_mist, nicolae_spider_entry_non_spiders,
          grunt_megastairs_4, serial_bayou_shore_b, serial_bayou_shore_b
Lair:3:   layout_layer_cave
Lair:4:   layout_gridlike, grunt_forest_small_clearings
Lair:5:   minmay_lair_end_frog_pond, layout_regular_city,
          minmay_slime_entry_jelly_boxes, minivault_24,
          nicolae_lair_run_with_the_wolves, infiniplex_staircase_pool,
          lemuel_fruit_tree
Spider:1: nicolae_spider_hilbert_zone_1 [nicolae_spider_hilbert_4_sides_1_open,
          nicolae_spider_hilbert_4_sides_1_open,
          nicolae_spider_hilbert_4_sides_1_open,
          nicolae_spider_hilbert_4_sides_1_open,
          nicolae_spider_hilbert_3_sides_1_open,
          nicolae_spider_hilbert_3_sides_1_open,
          nicolae_spider_hilbert_3_sides_1_open,
          nicolae_spider_hilbert_3_sides_1_open,
          nicolae_spider_hilbert_3_sides_1_open,
          nicolae_spider_hilbert_6_sides_1_open,
          nicolae_spider_hilbert_6_sides_1_open,
          nicolae_spider_hilbert_3_sides_1_open,
          nicolae_spider_hilbert_3_sides_1_open,
          nicolae_spider_hilbert_3_sides_1_open,
          nicolae_spider_hilbert_3_sides_1_open,
          nicolae_spider_hilbert_2_sides_1_open]
Orc:1:    layout_diamond_mine, uniq_harold
Orc:2:    st_orc_congregation, layout_diamond_mine, serial_shops,
          nicolae_shop_bloodbath_and_beyond, nicolae_orc_damp_corner

Skill      XL: |  1  2  3  4  5  6  7  8  9 10 11 12 13 14 15 |
---------------+----------------------------------------------+-----
Conjurations   | 4 5 6 7 8 10 11 12 14 16 | 16.8
Spellcasting   | 2 3 4 6 7 8 |  8.3
Hexes          | 1 3 5 6 9 11 13 | 13.6
Fighting       | 4 |  4.0
Axes           | 3 4 |  4.0
Summonings     | 10 | 10.5
Shields        | 1 |  1.8
Dodging        | |  1.7
Stealth        | |  1.7

Action                     |  1- 3 |  4- 6 |  7- 9 | 10-12 | 13-15 || total
---------------------------+-------+-------+-------+-------+-------++-------
  Melee: Club              |    14 |       |       |       |       ||    14
         Unarmed           |     1 |       |       |       |       ||     1
         Dagger            |     1 |    18 |       |       |       ||    19
         Hand axe          |       |       |    15 |    64 |    70 ||   149
         Punch             |       |       |       |     1 |     4 ||     5
         Quick blade       |       |       |       |       |    67 ||    67
   Cast: Magic Dart        |    57 |       |       |       |       ||    57
         Searing Ray       |     5 |    37 |    66 |    46 |       ||   154
         Fulminant Prism   |       |       |    23 |   252 |    85 ||   360
         Dazzling Flash    |       |       |     1 |     3 |     1 ||     5
         Iskenderun's Myst |       |       |       |     5 |    80 ||    85
         Orb of Destructio |       |       |       |       |   103 ||   103
         Spellforged Servi |       |       |       |       |    36 ||    36
  Evoke: Wand              |       |       |       |       |     4 ||     4
    Use: Scroll            |     3 |    13 |     7 |     6 |    16 ||    45
         Potion            |       |       |     3 |       |     8 ||    11
   Stab: Sleeping          |       |     1 |       |       |       ||     1
         Distracted        |       |       |     1 |     1 |       ||     2
 Armour: Leather armour    |    13 |    17 |    50 |    56 |   194 ||   330
  Dodge: Dodged            |    26 |    18 |    61 |   115 |   254 ||   474
  Block: Buckler           |       |       |       |       |    17 ||    17

Table legend: (Time is in decaauts)
 A = Elapsed time spent in this place.
 B = Non-inter-level travel time spent in this place.
 C = Inter-level travel time spent in this place.
 D = Time resting spent in this place.
 E = Time spent auto-exploring this place.
 F = Levels seen in this place.
 G = Mean time per level.
                   A        B        C        D        E       F      G
               +--------+--------+--------+--------+--------+-----+--------+
         Total |  32558 |  30337 |   2221 |   8298 |  16437 |  24 | 1356.6 |
       Dungeon |  19354 |  18209 |   1145 |   3896 |  11850 |  15 | 1290.3 |
          Lair |   7950 |   7250 |    700 |   2069 |   3538 |   5 | 1590.0 |
   Spider Nest |     39 |     39 |      0 |      0 |      0 |   1 |   39.0 |
  Orcish Mines |   4798 |   4424 |    374 |   2283 |    856 |   2 | 2399.0 |
      Gauntlet |    414 |    414 |      0 |     50 |    192 |   1 |  414.0 |
               +--------+--------+--------+--------+--------+-----+--------+

Top non-repeatable levels by time:
   Orc:2: 3018 daAuts
  Lair:4: 1900 daAuts
  Lair:3: 1801 daAuts
   Orc:1: 1779 daAuts
    D:10: 1694 daAuts
     D:7: 1678 daAuts
     D:8: 1619 daAuts
    D:14: 1548 daAuts
  Lair:1: 1528 daAuts
  Lair:2: 1483 daAuts
     D:9: 1419 daAuts
     D:6: 1382 daAuts
     D:4: 1379 daAuts
     D:3: 1333 daAuts
     D:2: 1299 daAuts

Table legend:
 A = Kills in this place as a percentage of kills in entire the game.
 B = Kills by you in this place as a percentage of kills by you in the entire game.
 C = Kills by friends in this place as a percentage of kills by friends in the entire game.
 D = Other kills in this place as a percentage of other kills in the entire game.
 E = Experience gained in this place as a percentage of experience gained in the entire game.
 F = Experience gained in this place divided by the number of levels of this place that you have seen.
                   A       B       C       D       E      F
               +-------+-------+-------+-------+-------+----------------------
         Total | 100.0 | 100.0 | 100.0 |   N/A | 100.0 | 5424.3
       Dungeon |  47.0 |  43.6 |  91.5 |   N/A |  42.1 | 3651.0
          Lair |  29.4 |  31.3 |   4.3 |   N/A |  38.3 | 9974.0
   Spider Nest |   1.2 |   1.0 |   4.3 |   N/A |   2.6 | 3369.0
  Orcish Mines |  21.1 |  22.7 |   0.0 |   N/A |  13.3 | 8675.5
      Gauntlet |   1.3 |   1.4 |   0.0 |   N/A |   3.7 | 4828.0
               +-------+-------+-------+-------+-------+----------------------
